 Dungeon Crawl Stone Soup version 0.26-a0-834-g69557b85cc (webtiles) character file.

Game seed: 13428516894681402649

10 jiml777 the Gusty (level 2, -1/15 HPs)
             Began as a Deep Elf Air Elementalist on Nov 16, 2020.
             Slain by a leopard gecko (2 damage)
             ... on level 1 of the Dungeon.
             The game lasted 00:01:58 (95 turns).

jiml777 the Gusty (Deep Elf Air Elementalist)         Turns: 95, Time: 00:01:59

Health: -1/15      AC:  2    Str:  5    XL:     2   Next: 10%
Magic:  1/8        EV: 13    Int: 19    God:
Gold:   13         SH:  0    Dex: 15    Spells: 6/7 levels left

rFire    . . .     SeeInvis .   (no weapon)
rCold    . . .     Faith    .   (no shield)
rNeg     . . .     Spirit   .   a - +0 robe
rPois    .         Reflect  .   (no helmet)
rElec    .         Harm     .   (no cloak)
rCorr    .         Rampage  .   (no gloves)
MR       .....                  (no boots)
Stlth    ++........             (no amulet)
HPRegen  0.05/turn              (no ring)
MPRegen  0.11/turn              (no ring)

@: no status effects
A: no striking features
a: no special abilities


You were on level 1 of the Dungeon.
You visited 1 branch of the dungeon, and saw 1 of its levels.

You collected 13 gold pieces.

Inventory:

Missiles
 b - 23 arrows
Armour
 a - a +0 robe (worn)


   Skills:
 + Level 2.6 Dodging
 + Level 2.4 Stealth
 + Level 3.1 Spellcasting
 + Level 1.1 Conjurations
 + Level 3.3 Air Magic


You had 6 spell levels left.
You knew the following spells:

 Your Spells              Type           Power        Failure   Level
a - Shock                 Conj/Air       ##..         6%          1

Your spell library contained the following spells:

 Spells                   Type           Power        Failure   Level
 Swiftness                Air            ###.....     6%          2
 Static Discharge         Conj/Air       ##......     19%         3
 Airstrike                Air            ###.......   36%         4
 Lightning Bolt           Conj/Air       ##........   86%         5


Dungeon Overview and Level Annotations

Branches:
Dungeon (1/15)

Altars:


Message History

The leopard gecko misses you.
The leopard gecko completely misses you.
You miss the leopard gecko.
The leopard gecko is almost dead.
A hobgoblin comes into view. It is wielding a +0 club.
The leopard gecko misses you.
You closely miss the leopard gecko.
The leopard gecko is almost dead.
The leopard gecko barely misses you.
You hit the leopard gecko but do no damage.
The leopard gecko is almost dead.
The leopard gecko bites you.
* * * LOW HITPOINT WARNING * * *
You miss the leopard gecko.
The leopard gecko is almost dead.
The leopard gecko bites you but does no damage.
You hit the leopard gecko but do no damage.
The leopard gecko is almost dead.
The leopard gecko closely misses you. The leopard gecko bites you.
You die...

?....$. ....##
.............l....
................. ##.
................
...###.......g..... ##.#### .
#........##..# #.# #........
..#........#...###.####........
.............#.ll.............
r#.............@##..........##
....................###...§..#
[........)..#####..........§.###
....†.......# ##.#.≈≈≈≈≈≈≈≈≈≈#
......#...### #...≈8≈≈≈≈≈≈8≈#
..##. #.### ##..≈≈8≈≈≈≈8≈≈#
........# #..§≈≈#''#≈≈≈#
........# ##.≈≈≈#..#≈≈≈#
....$.... ....≈≈≈#.<#≈≈≈#


You could see a leopard gecko, a hobgoblin and a frilled lizard.

Vanquished Creatures
  An ooze (D:1)
  A giant cockroach (D:1)
  A goblin (D:1)
  A bat (D:1)
  2 frilled lizards (D:1)
  A rat (D:1)
7 creatures vanquished.

Notes
Turn   | Place    | Note
-------+----------+-------------------------------------------
     0 | D:1      | jiml777 the Deep Elf Air Elementalist began the quest for
                  | the Orb.
     0 | D:1      | Reached XP level 1. HP: 10/10 MP: 6/6
    77 | D:1      | Reached XP level 2. HP: 12/15 MP: 0/8
    95 | D:1      | Slain by a leopard gecko

Illustrated notes

Levels and vault maps discovered:
D:1:      lightli_arrival_boilingwater, layout_rooms, grunt_decor_clamped

Action                   || total
-------------------------++-------
Melee: Unarmed           ||    15
 Cast: Shock             ||    10
Armor: Robe              ||     5
Dodge: Dodged            ||    19

Table legend: (Time is in decaauts)
 A = Elapsed time spent in this place.
 B = Non-inter-level travel time spent in this place.
 C = Inter-level travel time spent in this place.
 D = Time resting spent in this place.
 E = Time spent auto-exploring this place.
 F = Levels seen in this place.
 G = Mean time per level.
                   A        B        C        D        E       F      G
               +--------+--------+--------+--------+--------+-----+--------+
         Total |     97 |     97 |      0 |     18 |      9 |   1 |   97.0 |
       Dungeon |     97 |     97 |      0 |     18 |      9 |   1 |   97.0 |
               +--------+--------+--------+--------+--------+-----+--------+

Top non-repeatable levels by time:
     D:1: 97 daAuts
